 Dungeon Crawl Stone Soup version 0.30.0-10-gfe55d96785 (webtiles) character file.

Game seed: 4570651066150762031

2520 Mune the Magician (level 9, -5/54 HPs)
             Began as a Gargoyle Fire Elementalist on May 14, 2023.
             Was an Initiate of the Shining One.
             Slain by a yak (10 damage)
             ... on level 7 of the Dungeon.
             The game lasted 00:22:09 (8168 turns).

Mune the Magician (Gargoyle Fire Elementalist)      Turns: 8168, Time: 00:22:10

Health: -5/54      AC: 10    Str: 12    XL:     9   Next: 54%
Magic:  1/20       EV: 17    Int: 20    God:    the Shining One [......]
Gold:   346        SH:  0    Dex: 16    Spells: 11/23 levels left

rFire   . . .        x - +2 dagger (speed)
rCold   . . .        q - orb {light}
rNeg    + . .        a - +0 robe
rPois   ∞            (no helmet)
rElec   +            h - +0 cloak
rCorr   .            d - +0 pair of gloves
SInv    .            (no boots)
Will    .....        j - amulet of faith
Stlth   +            p - +6 ring of dexterity
HPRegen 0.29/turn    F - +5 ring of evasion
MPRegen 0.17/turn

%: faith
@: glowing, fire susceptible
A: sickness immunity, AC +6, negative energy resistance 1, electricity
resistance, torment resistance 1, petrification resistance
a: Renounce Religion


You were on level 7 of the Dungeon.
You worshipped the Shining One.
The Shining One was noncommittal.
You visited 2 branches of the dungeon, and saw 9 of its levels.

You collected 402 gold pieces.
You spent 56 gold pieces at shops.

Inventory:

Hand Weapons
 c - a +2 spear of freezing
 r - a +1 dagger of speed
 x - a +2 dagger of speed (weapon)
 B - a +2 dire flail of protection
Armour
 a - a +0 robe (worn)
 d - a +0 pair of gloves (worn)
 h - a +0 cloak (worn)
 q - an orb of light (worn)
Jewellery
 j - an amulet of faith (around neck)
 p - a +6 ring of dexterity (left hand)
 F - a +5 ring of evasion (right hand)
Scrolls
 i - a scroll of torment
 l - 4 scrolls of teleportation
 o - 4 scrolls of enchant weapon
 v - 3 scrolls of fear
 y - a scroll of vulnerability {unknown}
 A - 3 scrolls of amnesia
 C - 4 scrolls of identify
 G - a scroll of immolation {unknown}
Potions
 b - 2 potions of magic
 e - a potion of cancellation {unknown}
 f - 2 potions of haste
 g - a potion of might {unknown}
 k - 2 potions of curing
 m - a potion of berserk rage {unknown}
 n - 3 potions of attraction {unknown}
 s - 5 potions of brilliance {unknown}
 t - 2 potions of lignification {unknown}
 u - a potion of invisibility {unknown}
 w - 3 potions of ambrosia {unknown}
 z - 2 potions of mutation {unknown}
 D - 3 potions of heal wounds {unknown}
 E - a potion of resistance {unknown}


   Skills:
 * Level 5.4 Fighting
 + Level 0.5 Short Blades
 + Level 0.1 Polearms
 + Level 2.3 Dodging
 - Level 2.1 Stealth
 * Level 7.8 Spellcasting
 + Level 5.6 Conjurations
 + Level 6.3 Fire Magic


You had 11 spell levels left.
You knew the following spells:

 Your Spells              Type           Power      Damage    Failure   Level
a - Foxfire               Conj/Fire      100%       2x1d9     1%          1
b - Flame Wave            Conj/Fire      31%        2d9       8%          4
c - Volatile Blastmotes   Fire/Tloc      40%        2d13      7%          3
d - Scorch                Fire           66%        2d7       1%          2
e - Poisonous Vapours     Pois/Air       16%        N/A       13%         2

Your spell library contained the following spells:

 Spells                   Type           Power      Damage    Failure   Level
 Inner Flame              Hex/Fire       20%        N/A       7%          3
 Sandblast                Erth           14%        2d6       9%          1
 Sting                    Tmut/Pois      28%        1d4       9%          1
 Stone Arrow              Conj/Erth      38%        3d9       9%          3
 Passwall                 Tmut/Erth      5%         N/A       13%         2
 Fulminant Prism          Conj/Hex       9%         3d7       26%         4
 Iskenderun's Mystic Bla  Conj/Tloc      19%        2d6       26%         4
 Olgreb's Toxic Radiance  Pois           7%         N/A       65%         4
 Lee's Rapid Deconstruct  Erth           3%         3d5*      94%         5


Dungeon Overview and Level Annotations

Branches:
Dungeon (8/15)             Temple (1/1) D:7
   Lair: D:8-11

Altars:
Ashenzari
Dithmenos
Elyvilon
Gozag
Hepliaklqana
Kikubaaqudgha
Nemelex Xobeh
Ru
Sif Muna
Uskayaw
Vehumet
Wu Jian
Xom
Yredelemnul
Zin
The Shining One
Ignis

Shops:
D:2 *   D:6 !


Innate Abilities, Weirdness & Mutations

You are immune to sickness and miasma.
Your stone body is resilient. (AC +6)
You are immune to poison.
You resist negative energy. (rN+)
You are resistant to electric shocks. (rElec)
You are resistant to unholy torment.
You are immune to petrification.


Message History

You climb upwards.
The fire elemental hits you. The fire elemental burns you!
The fire elemental hits you. The fire elemental burns you!
There is a stone staircase leading down here.
Casting: Poisonous Vapours (safe; 13% risk of failure)
Confirm with . or Enter, or press ? or * to list all spells.
Casting: Flame Wave (dangerous; 8% risk of failure)
Press: ? - help, Dir - look around, f - activate A wave of flame ripples out!
The flame wave engulfs the fire elemental.
The fire elemental completely resists.
The fire elemental is lightly damaged.
The flame wave engulfs the yak.
The yak is lightly wounded.
The flame wave engulfs the yak!
The yak is heavily wounded.
The flame wave engulfs the fire elemental.
The fire elemental completely resists. (Press . to intensify the flame waves.)
The fire elemental hits you. The fire elemental burns you!
* * * LOW HITPOINT WARNING * * *
The yak barely misses you. The yak misses you. The fire elemental hits you.
The fire elemental burns you!
* * * LOW HITPOINT WARNING * * *
Casting: Flame Wave (dangerous; 8% risk of failure)
Confirm with . or Enter, or press ? or * to list all spells.
Restarting spell: Flame Wave (dangerous; 8% risk of failure)
Press: ? - help, Dir - look around, f - activate A wave of flame ripples out!
The flame wave engulfs the fire elemental.
The fire elemental completely resists.
The fire elemental is lightly damaged.
The flame wave engulfs the yak!
The yak is heavily wounded.
The flame wave engulfs the yak!
The yak is severely wounded.
The flame wave engulfs the fire elemental.
The fire elemental completely resists. (Press . to intensify the flame waves.)
The fire elemental barely misses you. The yak gores you!
You die...

# ##...##..# .##
##......##
..#####.##...#
......#.###..#
...##.#..##..#
...##..#..##.#####
...###.#.........#
...............EY#
...#####........@#
.....# #.......YE#
.###...#.........#
.................#
#####............#
###.........#
#....>....#
........#


You could see 2 yaks and 2 fire elementals.

Vanquished Creatures
  A wyvern (D:8)
  A yak (D:7)
  Edmund (D:5)
  An acid dragon (D:8)
  A water moccasin (D:6)
  An orc warrior (D:7)
  2 ice beasts (D:7)
  2 sky beasts
  A black bear (D:3)
  An ogre (D:6)
  A bullfrog (D:6)
  A gnoll sergeant (D:7)
  3 scorpions
  4 wights (D:6)
  A howler monkey (D:7)
  An orc priest (D:7)
  3 hounds
  3 iguanas
  4 sleepcaps (D:5)
  Jessica (D:2)
  5 orc wizards
  5 gnolls (D:7)
  9 adders
  3 shadow imps
  2 white imps (D:7)
  4 dart slugs
  9 orcs
  4 ball pythons
  6 endoplasms
  7 giant cockroaches
  4 goblins
  7 hobgoblins
  5 quokkas
  7 bats
  3 frilled lizards
  7 kobolds
  5 rats
126 creatures vanquished.

Vanquished Creatures (others)
  871 foxfires
871 creatures vanquished.

Grand Total: 997 creatures vanquished

Notes
Turn   | Place    | Note
-------+----------+-------------------------------------------
     0 | D:1      | Mune the Gargoyle Fire Elementalist began the quest for the
                  | Orb.
     0 | D:1      | Reached XP level 1. HP: 10/10 MP: 3/3
   169 | D:1      | Reached XP level 2. HP: 16/16 MP: 0/5
   179 | D:1      | You fall into a shaft and drop 1 floor!
   385 | D:1      | Reached XP level 3. HP: 20/20 MP: 2/6
  1346 | D:2      | Noticed Jessica
  1351 | D:2      | Killed Jessica
  1352 | D:2      | Reached skill level 1 in Fighting
  1352 | D:2      | Reached XP level 4. HP: 25/25 MP: 1/8
  1658 | D:2      | Reached skill level 3 in Spellcasting
  1740 | D:2      | Found Gettec's General Store.
  1757 | D:2      | Bought a scroll of identify for 28 gold pieces
  1757 | D:2      | Bought a scroll of identify for 28 gold pieces
  2185 | D:3      | Reached XP level 5. HP: 28/29 MP: 5/10
  2331 | D:3      | Noticed a black bear
  2339 | D:3      | Killed a black bear
  2467 | D:3      | Learned a level 4 spell: Flame Wave
  2474 | D:3      | Learned a level 3 spell: Volatile Blastmotes
  2477 | D:3      | Learned a level 2 spell: Scorch
  2542 | D:3      | Reached XP level 6. HP: 35/35 MP: 7/11
  2852 | D:3      | Found a faded altar of an unknown god.
  3076 | D:3      | Reached skill level 4 in Spellcasting
  4264 | D:5      | Entered Level 5 of the Dungeon
  4611 | D:5      | Reached XP level 7. HP: 12/40 MP: 5/13
  5136 | D:5      | Noticed Edmund
  5161 | D:5      | Killed Edmund
  5162 | D:5      | Reached skill level 5 in Spellcasting
  5739 | D:6      | Reached XP level 8. HP: 31/46 MP: 2/16
  5866 | D:6      | Reached skill level 5 in Fire Magic
  6097 | D:6      | Found Gaennypn's Distillery.
  6171 | D:6      | Reached skill level 6 in Spellcasting
  6482 | D:6      | Learned a level 2 spell: Poisonous Vapours
  7006 | D:7      | Reached skill level 5 in Conjurations
  7008 | D:7      | Reached XP level 9. HP: 43/53 MP: 3/19
  7143 | D:7      | Found a staircase to the Ecumenical Temple.
  7168 | Temple   | Entered the Ecumenical Temple
  7353 | Temple   | Became a worshipper of Ignis, the Dying Flame
  7435 | D:7      | Found a glowing golden altar of the Shining One.
  7436 | D:7      | Found a radiant altar of Vehumet.
  7436 | D:7      | Found an opulent altar of Gozag.
  7439 | D:7      | Fell from the grace of Ignis
  7439 | D:7      | Became a worshipper of the Shining One
  7554 | D:7      | Found a shadowy altar of Dithmenos.
  7582 | D:7      | Reached skill level 7 in Spellcasting
  7738 | D:7      | Reached skill level 5 in Fighting
  7813 | D:7      | You fall into a shaft and drop 1 floor!
  8168 | D:7      | Slain by a yak

Illustrated notes

Levels and vault maps discovered:
D:1:      dpeg_arrival_orchard, layout_basic
D:2:      layout_rooms, serial_shops, shop, uniq_jessica
D:3:      layout_rooms, hellmonk_ecumenical_altar_zigzags,
          corexii_item_surrounded_by_moat, minmay_pentomino_pile
D:4:      layout_loops_ring
D:5:      layout_rooms, uniq_edmund
D:6:      cheibrodos_helix_gallery, layout_cave_pools, serial_shops, shop
D:7:      layout_rooms, minitemple, nicolae_dithmenos_the_darkroom,
          minmay_temple_entry_gardened_gates
D:8:      layout_loops_ring, grunt_temple_overflow_forces_of_nature,
          okawaru_altar_gauntlet_db, gammafunk_ghost_spectres
Temple:   ebering_untended_altars

Skill      XL: |  1  2  3  4  5  6  7  8  9 |
---------------+----------------------------+-----
Fighting       | 1 2 3 4 5 |  5.4
Conjurations   | 2 3 4 5 |  5.6
Spellcasting   | 3 4 5 6 7 |  7.8
Fire Magic     | 4 5 6 |  6.3
Dodging        | 2 |  2.3
Short Blades   | |  0.5
Polearms       | |  0.1
Stealth        | |  2.1

Action                     |  1- 3 |  4- 6 |  7- 9 || total
---------------------------+-------+-------+-------++-------
  Melee: Spear             |    18 |     6 |       ||    24
         Dagger            |       |    15 |    24 ||    39
   Cast: Foxfire           |    64 |   198 |   263 ||   525
         Poisonous Vapours |       |       |     3 ||     3
         Flame Wave        |       |       |     8 ||     8
    Use: Scroll            |       |     7 |     1 ||     8
         Potion            |       |     1 |       ||     1
 Armour: Robe              |    13 |    20 |    38 ||    71
  Dodge: Dodged            |    16 |    28 |    75 ||   119
